 Dungeon Crawl Stone Soup version 0.29-a0-1065-g47a6bb87d6 (webtiles) character file.

Game seed: 10459030105150404917

42 snarfax the Sneak (level 3, 0/21 HPs)
             Began as a Kobold Brigand on Aug 18, 2022.
             Slain by a hound (4 damage)
             ... on level 3 of the Dungeon.
             The game lasted 00:04:08 (2224 turns).

snarfax the Sneak (Kobold Brigand)                  Turns: 2224, Time: 00:04:08

Health: 0/21       AC:  4    Str:  8    XL:     3   Next: 77%
Magic:  3/3        EV: 14    Int: 12    God:
Gold:   131        SH:  0    Dex: 18    Spells: 2/2 levels left

rFire   . . .      SeeInvis .   a - +3 dagger
rCold   . . .      Faith    .   (no shield)
rNeg    . . .      Spirit   .   g - +0 leather armour
rPois   .          Reflect  .   (no helmet)
rElec   .          Harm     .   c - +0 cloak
rCorr   .          Rampage  .   (no gloves)
Will    .....                   (no boots)
Stlth   ++++......              (no amulet)
HPRegen 0.07/turn               (no ring)
MPRegen 0.08/turn               (no ring)

@: no status effects
A: small, no large weapons, nightstalker 3
a: no special abilities


You were on level 3 of the Dungeon.
You visited 1 branch of the dungeon, and saw 3 of its levels.

You collected 131 gold pieces.

Inventory:

Hand Weapons
 a - a +3 dagger (weapon)
Missiles
 d - 11 poisoned darts (quivered)
 e - 3 curare-tipped darts
 i - 21 stones
Armour
 b - a +0 robe
 c - a +0 cloak (worn)
 g - a +0 leather armour (worn)
Scrolls
 f - a scroll of enchant weapon
 j - a scroll of teleportation
Potions
 h - a potion of haste {unknown}
 m - a potion of brilliance


   Skills:
 - Level 2.1 Fighting
 + Level 3.6 Short Blades
 - Level 2.1 Throwing
 + Level 2.5 Dodging
 + Level 5.9 Stealth


You had 2 spell levels left.
You didn't know any spells.
Your spell library contained the following spells:

 Spells                   Type           Power      Damage    Failure   Level
 Airstrike                Air            0%         2d(0-16)  99%         4
 Summon Lightning Spire   Summ/Air       0%         N/A       99%         4
 Lightning Bolt           Conj/Air       0%         1d11      100%        5


Dungeon Overview and Level Annotations

Branches:
Dungeon (3/15)

Altars:


Innate Abilities, Weirdness & Mutations

You are small and have problems with some larger weapons.
You are completely attuned to the shadows.


Message History

There is a stone staircase leading down here.
You climb downwards.
There is a stone staircase leading up here.
An endoplasm comes into view.
The helpless endoplasm fails to defend itself.
You stick the endoplasm like a pincushion!!!
You kill the endoplasm!
You now have 131 gold pieces (gained 5).
A hound comes into view.
The hound barks!
You hit the hound but do no damage. The hound barely misses you.
You hit the hound.
The hound is lightly wounded.
The hound bites you.
You hit the hound.
The hound is heavily wounded.
The hound bites you.
You hit the hound.
The hound is heavily wounded.
The hound misses you. The hound bites you.
An orc comes into view. It is wielding a +0 club.
You hit the hound.
The hound is heavily wounded.
The hound bites you.
You are too injured to fight recklessly!
You are too injured to fight recklessly!
You are too injured to fight recklessly!
You hit the hound. You punch the hound, but do no damage.
The hound is almost dead.
The hound closely misses you.
You barely miss the hound.
The hound is almost dead.
The hound bites you.
* * * LOW HITPOINT WARNING * * *
The hound attacks as you move away! The hound bites you.
* * * LOW HITPOINT WARNING * * *
The hound closely misses you. The hound attacks as you move away!
The hound barely misses you. The hound bites you.
You die...

#........ #........
.#. #........
.#.##......###
....#......... ..#
#..#..##.######.#
#........#....#.####
#.#.........#.#.....
##.#..#.......oh@...#
...............##.###
##.#...........# .#
##.............# .#
......#. ....... .#
........ ....#..#
........ ##......
#######


You could see a hound and an orc.

Vanquished Creatures
  An adder (D:2)
  A dart slug (D:1)
  2 bats (D:2)
  2 endoplasms
  2 giant cockroaches (D:1)
  3 goblins
  4 hobgoblins (D:1)
  2 kobolds (D:2)
  A quokka (D:1)
  8 ball pythons
  2 rats (D:1)
28 creatures vanquished.

Notes
Turn   | Place    | Note
-------+----------+-------------------------------------------
     0 | D:1      | snarfax the Kobold Brigand began the quest for the Orb.
     0 | D:1      | Reached XP level 1. HP: 12/12 MP: 1/1
   309 | D:1      | Reached XP level 2. HP: 15/17 MP: 2/2
   754 | D:1      | Reached XP level 3. HP: 21/21 MP: 3/3
   974 | D:1      | Found a faded altar of an unknown god.
  2224 | D:3      | Slain by a hound

Illustrated notes

Levels and vault maps discovered:
D:1:      dpeg_arrival_long_road, layout_basic,
          dreamdust_ecumenical_altar_hidden_monk_grotto
D:2:      layout_basic, st_stairs_8, kennysheep_generic_room_16
D:3:      layout_basic, overflow_temple_1_default

Skill      XL: |  1  2 |
---------------+-------+-----
Short Blades   | 3 |  3.6
Dodging        | 2 |  2.5
Fighting       | |  2.1
Throwing       | |  2.1
Stealth        | |  5.9

Action                   || total
-------------------------++-------
Melee: Dagger            ||    61
       Punch             ||     1
  Use: Scroll            ||     7
 Stab: Sleeping          ||    15
       Distracted        ||     1
Armor: Robe              ||     4
       Leather armour    ||     3
Dodge: Dodged            ||    24

Table legend: (Time is in decaauts)
 A = Elapsed time spent in this place.
 B = Non-inter-level travel time spent in this place.
 C = Inter-level travel time spent in this place.
 D = Time resting spent in this place.
 E = Time spent auto-exploring this place.
 F = Levels seen in this place.
 G = Mean time per level.
                   A        B        C        D        E       F      G
               +--------+--------+--------+--------+--------+-----+--------+
         Total |   2213 |   2122 |     91 |      0 |   1894 |   3 |  737.7 |
       Dungeon |   2213 |   2122 |     91 |      0 |   1894 |   3 |  737.7 |
               +--------+--------+--------+--------+--------+-----+--------+

Top non-repeatable levels by time:
     D:2: 1115 daAuts
     D:1: 1043 daAuts
     D:3: 55 daAuts
